 Dungeon Crawl Stone Soup version 0.29-a0-819-g94b489e0ae (webtiles) character file.

Game seed: 8976336995752281366

753 diecastcamel the Destroyer (level 7, 0/52 HPs)
             Began as a Gnoll Wanderer on July 6, 2022.
             Was an Initiate of Ashenzari.
             Slain by Duvessa
             ... wielding a +0 rapier of protection
              (13 damage)
             ... on level 4 of the Dungeon.
             The game lasted 00:28:37 (4489 turns).

diecastcamel the Destroyer (Gnoll Wanderer)         Turns: 4489, Time: 00:28:37

Health: 0/52       AC:  4    Str: 12    XL:     7   Next: 78%
Magic:  8/13       EV: 12    Int: 16    God:    Ashenzari [......]
Gold:   136        SH:  0    Dex:  8    Spells: 9/14 levels left

rFire   . . .      SeeInvis .   o - +1 whip (freeze)
rCold   . . .      Faith    .   (no shield)
rNeg    . . .      Spirit   .   d - +0 robe
rPois   .          Reflect  .   i - +0 helmet
rElec   .          Harm     .   (no cloak)
rCorr   .          Rampage  .   (no gloves)
Will    .....                   q - +0 pair of boots
Stlth   ++........              (no amulet)
HPRegen 0.17/turn               g - ring "Profound Sybil" {Wiz, Self, Cun} (curse)
MPRegen 0.13/turn               (no ring)

@: about to teleport
A: fangs 1, strong nose, distributed training
a: Renounce Religion, Shatter the Chains


You were on level 4 of the Dungeon.
You worshipped Ashenzari.
Ashenzari was noncommittal.
You visited 1 branch of the dungeon, and saw 6 of its levels.

You collected 136 gold pieces.

Inventory:

Hand Weapons
 f - a +2 dagger of freezing
 m - a +0 whip
 o - a +1 whip of freezing (weapon)
Missiles
 l - 37 stones
Armour
 d - a +0 robe (worn)
 i - a +0 helmet (worn)
 q - a +0 pair of boots (worn)
Jewellery
 g - the cursed ring "Profound Sybil" (left hand) {Wiz, Self, Cun}
   (You found it on level 1 of the Dungeon)

   [ring of wizardry]

   It improves your spell success rate.
   It has a curse which improves the following skills: Introspection: Fighting
   and Spellcasting.
   Cunning:   Dodging and Stealth.
Scrolls
 c - a scroll of fear
 e - a scroll of vulnerability
 h - a scroll of amnesia
 p - a scroll of poison
Potions
 a - a potion of degeneration {unknown}
 k - a potion of flight {unknown}
 n - a potion of curing {unknown}
Miscellaneous
 b - a piece from Xom's chessboard (14/15)


   Skills:
 + Level 2.8(3.2) Fighting
 + Level 2.8 Short Blades
 + Level 2.8 Long Blades
 + Level 2.8 Axes
 + Level 2.8 Maces & Flails
 + Level 2.8 Polearms
 + Level 2.8 Staves
 + Level 2.8 Ranged Weapons
 + Level 2.8 Throwing
 + Level 2.8 Armour
 + Level 2.8(3.2) Dodging
 + Level 3.7(4.1) Stealth
 + Level 2.8 Shields
 + Level 2.8 Unarmed Combat
 + Level 4.0(4.4) Spellcasting
 + Level 9.1 Conjurations
 + Level 2.3 Hexes
 + Level 2.3 Summonings
 + Level 2.3 Necromancy
 + Level 2.3 Translocations
 + Level 2.3 Transmutations
 + Level 2.3 Fire Magic
 + Level 2.3 Ice Magic
 + Level 2.3 Air Magic
 + Level 2.3 Earth Magic
 + Level 2.3 Poison Magic
 + Level 3.1 Invocations
 + Level 7.2 Evocations


You had 9 spell levels left.
You knew the following spells:

 Your Spells              Type           Power      Damage    Failure   Level
a - Shock                 Conj/Air       84%        1d8       1%          1
b - Hailstorm             Conj/Ice       21%        3d6       6%          4

Your spell library contained the following spells:

 Spells                   Type           Power      Damage    Failure   Level
 Sublimation of Blood     Necr           10%        N/A       4%          2
 Wereblood                Tmut           10%        N/A       4%          2
 Flame Wave               Conj/Fire      21%        2d7       6%          4
 Summon Hydra             Summ           5%         N/A       100%        7


Dungeon Overview and Level Annotations

Branches:
Dungeon (6/15)
 Temple: D:4-7

Altars:
Ashenzari
Ru

Shops:
D:3 ?

Annotations:
D:4 Duvessa


Innate Abilities, Weirdness & Mutations

You have very sharp teeth.
Your uncanny sense of smell can sniff out nearby items.
Your experience applies equally to all skills.


Message History

Dowan is heavily wounded.
The zap hits Dowan.
Dowan is severely wounded.
Aiming: Shock (safe; 1% risk of failure)
Press: ? - help, Q - select action, (/) - cycle Shift-Dir - straight line The zap misses Dowan.
The zap hits Duvessa but does no damage.
Aiming: Shock (safe; 1% risk of failure)
Press: ? - help, Q - select action, (/) - cycle Shift-Dir - straight line The zap hits Dowan.
Dowan is severely wounded.
Aiming: Shock (safe; 1% risk of failure)
Press: ? - help, Q - select action, (/) - cycle Shift-Dir - straight line The zap hits Dowan.
Dowan is severely wounded.
The zap hits Duvessa but does no damage.
Dowan points at you and mumbles some strange words.
The puff of frost hits you.
Aiming: Shock (safe; 1% risk of failure)
Press: ? - help, Q - select action, (/) - cycle Shift-Dir - straight line, f - Dowan
Aim: Dowan, wielding a +0 dagger and wearing a +0 robe (severely wounded, 64% to hit)
The zap hits Dowan.
Dowan is almost dead.
You hit Dowan but do no damage.
Dowan is almost dead.
Dowan casts a spell at Duvessa.
Duvessa seems to speed up.
You hit Dowan. You freeze Dowan.
You kill Dowan!
Duvessa weeps, and shakes her weapon.
Duvessa goes berserk!
Duvessa hits you with a +0 rapier of protection! x2
As you read the scroll of teleportation, it crumbles to dust.
You feel strangely unstable.
Duvessa hits you with a +0 rapier of protection!
* * * LOW HITPOINT WARNING * * *
Duvessa misses you.
You make a move on Xom's chessboard...
Duvessa resists with some effort.
Duvessa hits you with a +0 rapier of protection!
You die...

###### #....#
######.##.###
####....#.#....#
#..#.#.......#.#
#..#.#...##....#
###..#...)....#..#
#.)>.#..e####.#.....
#.#......@..#.#(..###
#......#.##.#.#...e.
∆
###.#.......#...#.#.#
#>.....>..#.#.#...#
#####.###.#.#.#####
.... .... ##.#.# #.
....# .


You could see Duvessa (berserk, fast).

Vanquished Creatures
  A kobold demonologist (D:6)
  A black bear (D:5)
  A centaur (D:5)
  Dowan (D:4)
  A jelly (D:5)
  Natasha (twice) (D:4)
  6 gnolls
  4 adders
  2 worms (D:3)
  2 dart slugs
  3 orcs (D:3)
  A ball python (D:3)
  5 bats
  10 endoplasms
  6 giant cockroaches
  7 goblins
  8 hobgoblins
  7 jackals
  7 kobolds
  2 quokkas
  3 frilled lizards
  8 rats
88 creatures vanquished.

Notes
Turn   | Place    | Note
-------+----------+-------------------------------------------
     0 | D:1      | diecastcamel the Gnoll Wanderer began the quest for the
                  | Orb.
     0 | D:1      | diecastcamel set off with the following items: a +0 club, a
                  | piece from Xom's chessboard (15/15), a scroll of fear, a +0
                  | robe, a scroll of vulnerability; and the following spell
                  | memorised: Shock; and the following spells available to
                  | memorise: Flame Wave, Hailstorm.
     0 | D:1      | Reached XP level 1. HP: 13/13 MP: 4/4
    40 | D:1      | Reached XP level 2. HP: 19/19 MP: 0/5
   521 | D:1      | Reached XP level 3. HP: 25/25 MP: 2/7
   696 | D:1      | Reached skill level 1 in Invocations
  1062 | D:2      | Reached skill level 1 in Fighting
  1062 | D:2      | Reached skill level 1 in Short Blades
  1062 | D:2      | Reached skill level 1 in Long Blades
  1062 | D:2      | Reached skill level 1 in Axes
  1062 | D:2      | Reached skill level 1 in Maces & Flails
  1062 | D:2      | Reached skill level 1 in Polearms
  1062 | D:2      | Reached skill level 1 in Staves
  1062 | D:2      | Reached skill level 1 in Ranged Weapons
  1062 | D:2      | Reached skill level 1 in Throwing
  1062 | D:2      | Reached skill level 1 in Armour
  1062 | D:2      | Reached skill level 1 in Dodging
  1062 | D:2      | Reached skill level 1 in Shields
  1062 | D:2      | Reached skill level 1 in Unarmed Combat
  1321 | D:2      | Reached XP level 4. HP: 28/32 MP: 2/8
  1423 | D:2      | Learned a level 4 spell: Hailstorm
  1714 | D:2      | Reached skill level 1 in Hexes
  1714 | D:2      | Reached skill level 1 in Summonings
  1714 | D:2      | Reached skill level 1 in Necromancy
  1714 | D:2      | Reached skill level 1 in Translocations
  1714 | D:2      | Reached skill level 1 in Transmutations
  1714 | D:2      | Reached skill level 1 in Fire Magic
  1714 | D:2      | Reached skill level 1 in Ice Magic
  1714 | D:2      | Reached skill level 1 in Air Magic
  1714 | D:2      | Reached skill level 1 in Earth Magic
  1714 | D:2      | Reached skill level 1 in Poison Magic
  1876 | D:2      | Found a faded altar of an unknown god.
  2175 | D:3      | Found a broken altar of Ashenzari.
  2186 | D:3      | Reached XP level 5. HP: 35/37 MP: 2/9
  2248 | D:3      | Became a worshipper of Ashenzari the Shackled
  2424 | D:3      | Found Ery Orar's Magic Scroll Boutique.
  3696 | D:4      | Noticed Natasha
  3702 | D:4      | Killed Natasha
  3761 | D:4      | Found a sacrificial altar of Ru.
  3802 | D:4      | Noticed Natasha
  3810 | D:4      | Killed Natasha
  3811 | D:4      | Reached XP level 6. HP: 44/44 MP: 6/11
  3880 | D:4      | You fall into a shaft and drop 2 floors!
  3941 | D:5      | Entered Level 5 of the Dungeon
  3941 | D:5      | Noticed a kobold demonologist
  3941 | D:5      | Noticed a kobold demonologist
  3949 | D:6      | Killed a kobold demonologist
  3950 | D:6      | Reached skill level 9 in Conjurations
  3950 | D:6      | Reached XP level 7. HP: 20/51 MP: 5/12
  4471 | D:4      | Noticed Duvessa
  4472 | D:4      | Noticed Dowan
  4486 | D:4      | Killed Dowan
  4489 | D:4      | Slain by Duvessa

Illustrated notes

Levels and vault maps discovered:
D:1:      reono_arrival_mine, layout_rooms, lemuel_another_geyser
D:2:      layout_basic, basic_ecumenical_altar
D:3:      layout_basic, mainiacjoe_overflow_alcove_1, serial_shops,
          shop_scrolls, minmay_misc_feat_room
D:4:      layout_basic, nicolae_overflow_crystal_walls, okawaru_gym_becter,
          uniq_eustachio, uniq_duvessa, uniq_natasha
D:5:      layout_rooms, dreamdust_princess_bridge
D:6:      layout_loops_ring, serial_shops, nicolae_shop_window_shopping

Skill      XL: |  1  2  3  4  5  6  7 |
---------------+----------------------+-----
Invocations    | 1 2 3 |  3.1
Fighting       | 1 2 |  2.8
Short Blades   | 1 2 |  2.8
Long Blades    | 1 2 |  2.8
Axes           | 1 2 |  2.8
Maces & Flails | 1 2 |  2.8
Polearms       | 1 2 |  2.8
Staves         | 1 2 |  2.8
Ranged Weapons | 1 2 |  2.8
Throwing       | 1 2 |  2.8
Armour         | 1 2 |  2.8
Dodging        | 1 2 |  2.8
Shields        | 1 2 |  2.8
Unarmed Combat | 1 2 |  2.8
Spellcasting   | 3 4 |  4.0
Hexes          | 1 2 |  2.3
Summonings     | 1 2 |  2.3
Necromancy     | 1 2 |  2.3
Translocations | 1 2 |  2.3
Transmutations | 1 2 |  2.3
Fire Magic     | 1 2 |  2.3
Ice Magic      | 1 2 |  2.3
Air Magic      | 1 2 |  2.3
Earth Magic    | 1 2 |  2.3
Poison Magic   | 1 2 |  2.3
Stealth        | 3 |  3.7
Conjurations   | 9 |  9.1
Evocations     | 7 |  7.2

Action                   |  1- 3 |  4- 6 |  7- 9 || total
-------------------------+-------+-------+-------++-------
Melee: Short sword       |    13 |       |       ||    13
       Bite              |     2 |     2 |       ||     4
       Whip              |     6 |     9 |     2 ||    17
       Dagger            |       |     7 |       ||     7
 Cast: Shock             |    62 |   106 |    30 ||   198
       Hailstorm         |       |     1 |       ||     1
Invok: Curse Item        |       |       |     1 ||     1
Evoke: Piece from Xom's  |       |       |     1 ||     1
  Use: Scroll            |       |     5 |     1 ||     6
 Stab: Sleeping          |     1 |       |       ||     1
Armor: Robe              |     8 |     5 |     1 ||    14
Dodge: Dodged            |    18 |    12 |     5 ||    35

Table legend: (Time is in decaauts)
 A = Elapsed time spent in this place.
 B = Non-inter-level travel time spent in this place.
 C = Inter-level travel time spent in this place.
 D = Time resting spent in this place.
 E = Time spent auto-exploring this place.
 F = Levels seen in this place.
 G = Mean time per level.
                   A        B        C        D        E       F      G
               +--------+--------+--------+--------+--------+-----+--------+
         Total |   4487 |   4303 |    184 |   1180 |   2303 |   6 |  747.8 |
       Dungeon |   4487 |   4303 |    184 |   1180 |   2303 |   6 |  747.8 |
               +--------+--------+--------+--------+--------+-----+--------+

Top non-repeatable levels by time:
     D:3: 1456 daAuts
     D:2: 1133 daAuts
     D:1: 1033 daAuts
     D:4: 328 daAuts
     D:6: 304 daAuts
     D:5: 231 daAuts
